 Dungeon Crawl Stone Soup version 0.22.1-1-ga44c0e56f4 (webtiles) character file.

212 JOKERXD40 the Chopper (level 5, -2/70 HPs)
             Began as a Hill Orc Monk on Nov 10, 2018.
             Killed from afar by Dowan (11 damage)
             ... with a shard of ice
             ... on level 4 of the Dungeon.
             The game lasted 00:05:26 (1991 turns).

JOKERXD40 the Chopper (Hill Orc Monk)               Turns: 1991, Time: 00:05:26

Health: -2/70      AC: 22    Str: 15    XL:     5   Next: 89%
Magic:  5/5        EV:  2    Int: 10    God:
Gold:   165        SH:  0    Dex: 13    Spells: 4/4 levels left

rFire    . . .     SeeInvis .   a - +0 hand axe
rCold    . . .     Gourm    .   (no shield)
rNeg     + + +     Faith    .   (armour currently unavailable)
rPois    +         Spirit   .   (helmet currently unavailable)
rElec    .         Reflect  .   (cloak currently unavailable)
rCorr    .         Harm     .   (gloves currently unavailable)
MR       .....     NoTele   +   (boots currently unavailable)
Stlth    ++........             (no amulet)
HPRegen  0.21/turn              (no ring)
MPRegen  0.09/turn              (no ring)

@: tree-form (expiring), hasted, very quick
A: mutation resistance 1
a: no special abilities


You were on level 4 of the Dungeon.
You were not hungry.
You were a tree.
You visited 1 branch of the dungeon, and saw 4 of its levels.

You collected 165 gold pieces.

Inventory:

Hand Weapons
 a - a +0 hand axe (weapon)
Armour
 e - a +0 plate armour
 m - a cursed +0 scale mail (melded)
Potions
 b - a potion of degeneration {unknown}
 g - a potion of might {unknown}
 h - a potion of flight {unknown}
 j - a potion of brilliance
 n - a potion of curing {unknown}
Comestibles
 c - 6 rations


   Skills:
 + Level 4.7 Fighting
 + Level 6.5 Axes
 + Level 1.8 Armour
 + Level 2.9 Dodging
 + Level 1.9 Stealth


You had 4 spell levels left.
You didn't know any spells.
Your spell library contained the following spells:

 Spells                   Type           Power        Failure   Level  Hunger
 Corona                   Hex            #......      36%         1    ##.....
 Ensorcelled Hibernation  Hex/Ice        #.....       50%         2    ###....
 Confuse                  Hex            #.......     75%         3    ####...
 Dazzling Spray           Conj/Hex       #.....       75%         3    ####...
 Tukima's Dance           Hex            #.......     75%         3    ####...


Dungeon Overview and Level Annotations

Branches:
Dungeon (4/15)
 Temple: D:4-7

Altars:
Nemelex Xobeh
Trog

Shops:
D:4 *

Annotations:
D:4 Dowan


Innate Abilities, Weirdness & Mutations

You are somewhat resistant to further mutation.


Message History

You feel stronger.
You hit Dowan but do no damage. Dowan casts a spell at you.
The stone arrow hits you!
You barely miss Dowan.
Dowan is heavily wounded.
Dowan completely misses you.
You miss Dowan.
Dowan is heavily wounded.
Your transformation is almost over.
Dowan says, "How can I live without her?"
Dowan hits you but does no damage.
You miss Dowan.
Dowan is heavily wounded.
Dowan hits you but does no damage.
You barely miss Dowan.
Dowan is heavily wounded.
Dowan points at you and mumbles some strange words.
The shard of ice hits you!
You die...

#....# #.8..#
#....# ....#
######## #∩..#
#......#
#...###......#
#..)e##......#
#8.♣# #......#
#.###...###......#
#.........'......#
###########......#
#......#
####'##### #<##.#
#.##.# #.##.#


You could see Dowan.

Vanquished Creatures
  Duvessa (D:4)
  3 adders
  An ooze (D:2)
  2 worms (D:2)
  4 dart slugs
  2 leopard geckos (D:2)
  An orc (D:3)
  5 giant cockroaches (D:1)
  7 goblins
  7 hobgoblins
  4 jackals
  2 quokkas (D:3)
  A ball python (D:1)
  6 bats
  3 frilled lizards
  7 kobolds
  A leopard gecko skeleton (D:4)
  7 rats
64 creatures vanquished.

Notes
Turn   | Place    | Note
-------+----------+-------------------------------------------
     0 | D:1      | JOKERXD40 the Hill Orc Monk began the quest for the Orb.
     0 | D:1      | Reached XP level 1. HP: 19/19 MP: 1/1
   228 | D:1      | Reached XP level 2. HP: 26/27 MP: 2/2
   615 | D:1      | Reached XP level 3. HP: 31/33 MP: 3/3
   959 | D:2      | Reached skill level 5 in Axes
  1116 | D:2      | Reached XP level 4. HP: 17/40 MP: 4/4
  1716 | D:3      | Reached skill level 1 in Armour
  1845 | D:3      | Found a bloodstained altar of Trog.
  1846 | D:3      | Found a sparkling altar of Nemelex Xobeh.
  1958 | D:4      | Found Osaomuph's General Store.
  1958 | D:4      | Noticed Dowan
  1960 | D:4      | Noticed Duvessa
  1969 | D:4      | Gained mutation: You are somewhat resistant to further
                  | mutation. [potion of mutation]
  1987 | D:4      | Killed Duvessa
  1987 | D:4      | Reached skill level 6 in Axes
  1987 | D:4      | Reached XP level 5. HP: 8/47 MP: 5/5
  1991 | D:4      | Killed from afar by Dowan

Skill      XL: |  1  2  3  4 |
---------------+-------------+-----
Fighting       | 4 |  4.7
Axes           | 5 6 |  6.5
Armour         | 1 |  1.8
Dodging        | |  2.9
Stealth        | |  1.9

Action                   |  1- 3 |  4- 6 || total
-------------------------+-------+-------++-------
Melee: Hand axe          |   204 |   108 ||   312
  Use: Scroll            |       |     7 ||     7
       Potion            |       |     3 ||     3
  Eat: Chunk             |       |     4 ||     4
Armor: Scale mail        |     7 |    47 ||    54
       Robe              |     2 |       ||     2
       Plate armour      |   188 |     2 ||   190
       Skin              |       |    12 ||    12
Dodge: Dodged            |    77 |    41 ||   118
